 Dungeon Crawl Stone Soup version 0.32-a0-42-ga30500b (webtiles) character file.

Game seed: 7233696667959575796

88 Dorkslayer the Ducker (level 4, -5/31 HPs)
             Began as an Octopode Fighter on Jan 28, 2024.
             Slain by a gnoll
             ... wielding a +0 club
              (8 damage)
             ... on level 3 of the Dungeon.
             The game lasted 00:02:21 (1682 turns).

Dorkslayer the Ducker (Octopode Fighter)            Turns: 1682, Time: 00:02:21

Health: -5/31      AC:  1    Str: 17    XL:     4   Next: 53%
Magic:  4/4        EV: 13    Int: 10    God:
Gold:   137        SH:  4    Dex: 11    Spells: 3/3 levels left

rFire   . . .        a - +0 war axe
rCold   . . .        b - +0 buckler
rNeg    . . .        (helmet restricted)
rPois   .            k - amulet of the acrobat
rElec   .            (no ring)
rCorr   .            (no ring)
SInv    .            (no ring)
Will    .....        (no ring)
Stlth   +++          (no ring)
HPRegen 0.25/turn    (no ring)
MPRegen 0.09/turn    (no ring)
                     (no ring)

%: acrobat
@: no status effects
A: almost no armour, amphibious, 8 rings, camouflage 1, gelatinous body 1,
(nimble swimmer 1), tentacles
a: no special abilities


You were on level 3 of the Dungeon.
You visited 1 branch of the dungeon, and saw 3 of its levels.

You collected 137 gold pieces.

Inventory:

Hand Weapons
 a - a +0 war axe (weapon)
Armour
 b - a +0 buckler (worn)
Jewellery
 k - an amulet of the acrobat (around mantle)
Talismans
 h - a maw talisman
Scrolls
 g - a scroll of fog {unknown}
 j - a scroll of noise {unknown}
 m - a scroll of vulnerability {unknown}
 n - a scroll of poison {unknown}
Potions
 c - a potion of might
 d - a potion of resistance {unknown}
 e - 2 potions of curing {unknown}
 f - 2 potions of brilliance {unknown}
 i - a potion of invisibility {unknown}
 l - a potion of enlightenment {unknown}


   Skills:
 + Level 3.3 Fighting
 + Level 2.6 Axes
 + Level 3.4 Dodging
 + Level 1.4 Stealth
 + Level 3.1 Shields
 * Level 1.7 Unarmed Combat
 * Level 0.9 Shapeshifting


You had 3 spell levels left.
You didn't know any spells.
Your spell library contained the following spells:

 Spells                   Type           Power      Damage    Failure   Level
 Lesser Beckoning         Tloc           0%         N/A       58%         2
 Gell's Gravitas          Tloc           0%         N/A       82%         3
 Teleport Other           Tloc           0%         N/A       82%         3


Dungeon Overview and Level Annotations

Branches:
Dungeon (3/15)

Altars:


Innate Abilities, Weirdness & Mutations

You cannot wear most types of armour.
You are amphibious.
You can wear up to eight rings at the same time.
Your skin changes colour to match your surroundings (Stealth+).
Your rubbery body absorbs attacks. (AC +1, EV +1)
((You are camouflaged when in or above water. (Stealth+)))
You have tentacles for arms and can constrict up to eight enemies at once.


Message History

You hit the hobgoblin. You constrict the gnoll. The bat closely misses you.
The bat hits you. The bat barely misses you. You block the hobgoblin's attack.
The gnoll hits you with a +0 flail.
A kobold comes into view. It is wielding a +0 club.
The hobgoblin closely misses you. The gnoll hits you with a +0 club.
The gnoll closely misses you.
You slash the gnoll!
You kill the gnoll!
You barely miss the gnoll. You hit the hobgoblin. You hit the bat.
The bat hits you. The bat hits you but does no damage. The hobgoblin hits you.
The gnoll completely misses you.
Unknown command.
You barely miss the gnoll. Your grab misses the gnoll.
You closely miss the hobgoblin. The bat barely misses you.
The bat hits you but does no damage. The bat closely misses you.
The hobgoblin hits you. The gnoll hits you with a +0 club.
The hobgoblin hits you. The gnoll hits you with a +0 club!
* * * LOW HITPOINT WARNING * * *
You closely miss the gnoll. You grab the gnoll. You squeeze the gnoll.
The gnoll is moderately wounded.
You hit the hobgoblin. You hit the bat.
You kill the bat!
You constrict the gnoll, but do no damage.
The bat misses you. The hobgoblin barely misses you.
The gnoll barely misses you.
You completely miss the gnoll.
The gnoll is moderately wounded.
You hit the hobgoblin.
You kill the hobgoblin!
You constrict the gnoll. The bat hits you.
* * * LOW HITPOINT WARNING * * *
The gnoll hits you with a +0 club.
* * * LOW HITPOINT WARNING * * *
The kobold misses you. The gnoll closely misses you.
You barely miss the kobold. You grab the kobold. You squeeze the kobold.
You kill the kobold!
You hit the gnoll but do no damage. You constrict the gnoll.
The bat barely misses you. The bat misses you.
The gnoll hits you with a +0 club!
You die...

#. ... .. .?.. ..
###. #..##
.......#####....#
... #..........#
#.# #..........
####..##..†g.....#
#........†@$......
#..........b......
#...............##
#......<........#
#.................
#................#
#.......##.#####.#
##########.# .# .#


You could see a gnoll and a bat.

Vanquished Creatures
  2 gnolls (D:3)
  3 adders (D:2)
  2 dart slugs
  2 ribbon worms (D:2)
  4 bats
  3 endoplasms
  3 giant cockroaches
  2 goblins
  5 hobgoblins
  5 kobolds
  2 ball pythons (D:2)
  A frilled lizard (D:2)
34 creatures vanquished.

Notes
Turn   | Place    | Note
-------+----------+-------------------------------------------
     0 | D:1      | Dorkslayer the Octopode Fighter began the quest for the
                  | Orb.
     0 | D:1      | Reached XP level 1. HP: 16/16 MP: 1/1
   104 | D:1      | Reached XP level 2. HP: 19/21 MP: 2/2
   887 | D:2      | Reached skill level 1 in Unarmed Combat
   900 | D:2      | Reached XP level 3. HP: 10/26 MP: 3/3
  1196 | D:2      | Reached skill level 1 in Stealth
  1359 | D:2      | Reached XP level 4. HP: 18/31 MP: 4/4
  1682 | D:3      | Slain by a gnoll

Illustrated notes

Levels and vault maps discovered:
D:1:      minmay_arrival_jagged, layout_loops_ring
D:2:      layout_basic, chequers_serial_rivers_micro_d
D:3:      layout_rooms, fedhas_altar_1, hellmonk_ecumenical_altar_watching_god,
          uniq_natasha

Skill      XL: |  1  2  3 |
---------------+----------+-----
Unarmed Combat | 1 |  1.7
Stealth        | 1 |  1.4
Fighting       | |  3.3
Axes           | |  2.6
Dodging        | |  3.4
Shields        | |  3.1
Shapeshifting  | |  0.9

Action                     |  1- 3 |  4- 6 || total
---------------------------+-------+-------++-------
  Melee: War axe           |    54 |    12 ||    66
         Constrict         |    15 |     5 ||    20
         Tentacles         |     8 |     3 ||    11
   Stab: Sleeping          |     3 |     1 ||     4
 Armour: Skin              |    14 |    18 ||    32
  Dodge: Dodged            |    50 |    21 ||    71
  Block: Buckler           |    11 |     3 ||    14

Table legend: (Time is in decaauts)
 A = Elapsed time spent in this place.
 B = Non-inter-level travel time spent in this place.
 C = Inter-level travel time spent in this place.
 D = Time resting spent in this place.
 E = Time spent auto-exploring this place.
 F = Levels seen in this place.
 G = Mean time per level.
                   A        B        C        D        E       F      G
               +--------+--------+--------+--------+--------+-----+--------+
         Total |   1709 |   1709 |      0 |      0 |   1302 |   3 |  569.7 |
       Dungeon |   1709 |   1709 |      0 |      0 |   1302 |   3 |  569.7 |
               +--------+--------+--------+--------+--------+-----+--------+

Top non-repeatable levels by time:
     D:2: 925 daAuts
     D:1: 769 daAuts
     D:3: 13 daAuts
